 Dungeon Crawl Stone Soup version 0.30-a0-292-g0f741e3f8e (webtiles) character file.

Game seed: 12157527358652994860

92992 greasedhog the Spry (level 16, -1/133 HPs)
             Began as a Merfolk Fighter on Oct 18, 2022.
             Was the Champion of Okawaru.
             Constricted to death by Jorgrun (8 damage)
             ... on level 2 of the Shoals.
             The game lasted 00:50:44 (29416 turns).

greasedhog the Spry (Merfolk Fighter)              Turns: 29416, Time: 00:50:44

Health: -1/133     AC: 25    Str: 18    XL:     16   Next: 7%
Magic:  7/7        EV: 22    Int:  8    God:    Okawaru [******]
Gold:   620        SH: 13    Dex: 19    Spells: 15/15 levels left

rFire   + . .      SeeInvis .    b - +8 demon blade (antimagic)
rCold   . . .      Faith    .    T - +1 buckler {rPois}
rNeg    + . .      Spirit   .    H - +15 Cigotuvi's embrace {rMiasma Drain rN+}
rPois   +          Reflect  +    N - +0 hat "Cosey" {rF+ Will+ rCorr}
rElec   .          Harm     .    d - +2 cloak
rCorr   +          Rampage  +    Z - +1 pair of gloves
Will    +++..      Rage     3%   F - +0 pair of boots {rampage}
Stlth   +.........               j - amulet of reflection
HPRegen 0.42/turn                W - ring of protection from cold
MPRegen 0.10/turn                C - ring of willpower

@: grasped by roots, on berserk cooldown, slowed, constricted, very slow
A: (nimble swimmer 2), mertail, berserk 1, cold vulnerability 1
a: Renounce Religion, Heroism, Finesse, Duel


You were on level 2 of the Shoals.
You worshipped Okawaru.
Okawaru was exalted by your worship.
You visited 5 branches of the dungeon, and saw 25 of its levels.
You also visited: Trove, Sewer and Bailey.

You collected 2472 gold pieces.
You spent 1852 gold pieces at shops.

Inventory:

Hand Weapons
 a - the +6 double sword "Emetol" {flame, rElec rF++ rCorr Str-4}
   (You found it in a treasure trove)

   It burns those it strikes, dealing additional fire damage.
   Big, fiery blades are also staple armaments of hydra-hunters.
   Str:       It affects your strength (-4).
   rF:        It greatly protects you from fire.
   rElec:     It insulates you from electricity.
   rCorr:     It protects you from acid and corrosion.
 b - a +8 antimagic demon blade (weapon)
 c - a +3 double sword of holy wrath
Missiles
 m - a throwing net
 A - 4 curare-tipped darts (quivered)
Armour
 d - a +2 cloak (worn)
 F - a +0 pair of boots of rampaging (worn)
 H - the +15 Cigotuvi's embrace (worn) {rMiasma Drain rN+}
   (You bought it in a shop on level 2 of the Orcish Mines)

   It gathers nearby corpses to temporarily increase the armour it provides.
   It protects you from foul pestilence.
   rN:        It protects you from negative energy.
   Drain:     It drains your maximum health when unequipped.
 N - the +0 hat "Cosey" (worn) {rF+ Will+ rCorr}
   (You found it on level 10 of the Dungeon)

   rF:        It protects you from fire.
   rCorr:     It protects you from acid and corrosion.
   Will:      It increases your willpower.
 T - a +1 buckler of poison resistance (worn)
 Z - a +1 pair of gloves (worn)
Jewellery
 j - an amulet of reflection (around neck)
 l - a ring of positive energy
 s - an amulet of magic regeneration
 C - a ring of willpower (right hand)
 J - a +6 ring of strength
 W - a ring of protection from cold (left hand)
Wands
 p - a wand of roots (9)
 z - a wand of acid (21)
 G - a wand of mindburst (7)
 M - a wand of flame (45)
Scrolls
 e - 3 scrolls of amnesia
 k - 2 scrolls of silence
 n - 4 scrolls of fear
 o - 3 scrolls of blinking
 x - 3 scrolls of immolation
 y - 11 scrolls of teleportation
 D - 7 scrolls of poison
 E - 5 scrolls of fog {unknown}
 I - 3 scrolls of enchant armour
 K - 4 scrolls of torment {unknown}
 R - 4 scrolls of magic mapping {unknown}
Potions
 f - 11 potions of curing
 g - 5 potions of mutation {unknown}
 h - 4 potions of invisibility
 q - 7 potions of might
 r - 4 potions of resistance {unknown}
 t - 6 potions of attraction {unknown}
 u - 6 potions of haste {unknown}
 v - a potion of magic {unknown}
 w - a potion of berserk rage {unknown}
 B - 4 potions of flight {unknown}
 O - 4 potions of brilliance {unknown}
 Q - 4 potions of lignification {unknown}
 U - 4 potions of ambrosia {unknown}
 V - 3 potions of heal wounds
 X - 2 potions of degeneration {unknown}
Miscellaneous
 i - a lightning rod (4/4)


   Skills:
 * Level 14.2 Fighting
 * Level 16.5 Long Blades
 - Level 5.4 Armour
 * Level 20.2 Dodging
 - Level 10.0 Shields
 - Level 10.0 Invocations


You had 15 spell levels left.
You didn't know any spells.
Your spell library contained the following spells:

 Spells                   Type           Power      Damage    Failure   Level
 Magic Dart               Conj           0%         1d3       52%         1
 Ensorcelled Hibernation  Hex/Ice        0%         N/A       67%         2
 Poisonous Vapours        Pois/Air       0%         N/A       67%         2
 Searing Ray              Conj           0%         2d4       67%         2
 Frozen Ramparts          Ice            0%         1d1       88%         3
 Mephitic Cloud           Conj/Pois/Air  0%         N/A       88%         3
 Ozocubu's Armour         Ice            0%         N/A       88%         3
 Spider Form              Tmut/Pois      0%         N/A       88%         3
 Anguish                  Hex/Necr       0%         N/A       99%         4
 Fulminant Prism          Conj/Hex       0%         3d6       99%         4
 Ice Form                 Ice/Tmut       0%         N/A       99%         4
 Manifold Assault         Tloc           0%         N/A       99%         4
 Alistair's Intoxication  Tmut/Pois      0%         N/A       100%        5
 Metabolic Englaciation   Hex/Ice        0%         N/A       100%        5
 Dispersal                Tloc           0%         N/A       100%        6
 Enfeeble                 Hex            0%         N/A       100%        7
 Disjunction              Tloc           0%         N/A       100%        8
 Call Imp                 Summ           Unusable   N/A       N/A         2
 Summon Ice Beast         Ice/Summ       Unusable   N/A       N/A         4
 Simulacrum               Ice/Necr       Unusable   N/A       N/A         6

Dungeon Overview and Level Annotations

Branches:
Dungeon (15/15)            Temple (1/1) D:7            Lair (5/5) D:11
 Shoals (2/4) Lair:2        Snake (0/4) Lair:3          Orc (2/2) D:10
    Elf (0/3) Orc:2        Vaults (0/5) D:13         Depths (0/4) D:15
  Sewer (visited)          Bailey (visited)
  Slime: Lair:4-5

Altars:
Ashenzari
Cheibriados
Dithmenos
Elyvilon
Fedhas
Gozag
Hepliaklqana
Kikubaaqudgha
Makhleb
Nemelex Xobeh
Okawaru
Qazlal
Ru
Sif Muna
Trog
Uskayaw
Vehumet
Wu Jian
Xom
Yredelemnul
Zin
The Shining One
Lugonu

Shops:
D:4 :   D:9 (**   D:11 !   Orc:1 :   Orc:2 ([:(

Portals:
Abyss: Lair:5

Annotations:
Lair:4 3 runed translucent doors, chippings's ghost, journeyman MfGl
Shoals:2 Jorgrun


Innate Abilities, Weirdness & Mutations

((You are very nimble when in or above water. (Stealth+, EV+, Speed+++)))
Your lower body shifts to a powerful aquatic tail in water.
You sometimes lose your temper in combat.
You are vulnerable to cold. (rC-)


Message History

You closely miss the sea snake. The sea snake barely misses you.
You closely miss the sea snake.
Jorgrun points at you and mumbles some strange words.
The iron shot misses you.
You slice the sea snake!! You burn the sea snake.
The sea snake is heavily wounded.
The sea snake barely misses you.
You closely miss the sea snake.
The sea snake is heavily wounded.
Jorgrun casts a spell at you. The iron shot misses you.
You slice the sea snake!! You burn the sea snake!
You kill the sea snake!
Okawaru accepts your kill.
You are no longer berserk.
You are exhausted.
You feel yourself slow down. Jorgrun gestures at you while chanting.
Roots burst forth from the earth!
The grasping roots grab you! The grasping roots constrict you.
* * * LOW HITPOINT WARNING * * *
The +6 double sword "Emetol" {flame, rElec rF++ rCorr Str-4} stops flaming.
You feel magic leave you.
b - a +8 antimagic demon blade (weapon)
The grasping roots constrict you.
* * * LOW HITPOINT WARNING * * *
You slash Jorgrun!
Jorgrun's magic leaks into the air.
Jorgrun is lightly wounded.
You block Jorgrun's attack. The grasping roots constrict you!
* * * LOW HITPOINT WARNING * * *
You closely miss Jorgrun.
Jorgrun is lightly wounded.
You block Jorgrun's attack. The grasping roots constrict you!
* * * LOW HITPOINT WARNING * * *
You feel better.
Jorgrun hits you with a +0 vorpal quarterstaff!
* * * LOW HITPOINT WARNING * * *
x2 The grasping roots constrict you!
You die...

≈≈≈≈≈≈≈≈≈≈≈≈≈≈≈≈≈≈≈≈≈≈≈
≈≈≈≈≈≈≈≈≈≈≈≈≈≈≈≈≈≈≈≈≈≈≈≈
≈≈≈≈≈≈≈≈≈~~~~~~≈≈≈≈≈≈≈≈≈
≈≈≈≈≈≈~~~~~~~))~~≈≈≈≈≈≈≈
≈≈≈≈≈~~~.....)~~~~≈≈≈≈≈≈
≈≈≈≈≈~~......)).~~~≈≈≈≈≈
≈≈≈≈≈~..#####.)..~~~~≈≈≈
≈≈≈≈≈~.## ###...~~~~~≈
≈≈≈≈≈≈~### #.)@..~..~≈
≈≈)≈~~~~..# #..g$...~~≈
≈≈≈~~~~~~.......~...~~~≈
≈≈≈~~~~~~..###..~~..~~~~
≈≈≈~~~~~~~.# ##.......~~
≈≈~~~~~~~.## #...#....~
≈≈≈~~~~~~.# #.........
≈≈≈~~~~~~.# #...~~~..~
≈≈≈~~~~~~~


You could see Jorgrun (magic disrupted).

Vanquished Creatures
  Rupert (Orc:2)
  Kirke (D:11)
  A fenstrider witch (Shoals:1)
  A merfolk impaler (Shoals:2)
  A fire dragon (D:14)
  2 merfolk javelineers (Shoals:2)
  5 hydras
  7 centaur warriors
  A merfolk aquamancer (Shoals:2)
  3 two-headed ogres
  2 boulder beetles
  4 tengu warriors
  Nergalle (D:12)
  2 thrashing horrors (Lair:5)
  7 sea snakes
  A deep troll (D:13)
  3 skeletal warriors (D:14)
  A lindwurm (D:13)
  A wizard (D:15)
  A necromancer (D:15)
  5 orc knights
  5 deep elf pyromancers
  3 deep elf zephyrmancers
  A harpy (shapeshifter) (D:13)
  3 orc sorcerers
  5 manticores
  9 ugly things
  A shining eye (shapeshifter) (D:8)
  2 cyclopes (D:13)
  An elephant (shapeshifter) (D:13)
  Maurice (D:10)
  9 elephants
  2 merfolk sirens (Shoals:1)
  A black mamba (Lair:3)
  A naga mage (D:15)
  2 smoke demons (Lair:5)
  7 cane toads
  Psyche (D:11)
  A gargoyle (D:12)
  5 rime drakes
  A centaur skeleton (D:15)
  3 unseen horrors
  5 komodo dragons
  A tengu conjurer (D:14)
  A redback zombie (D:15)
  11 merfolk
  A queen bee (Lair:2)
  A troll (Orc:2)
  2 ancient zymes (Lair:5)
  3 meliai (D:14)
  A merfolk (shapeshifter) (D:13)
  A hornet (D:8)
  A wind drake (Shoals:1)
  Grinder (Sewer)
  A polar bear (Lair:3)
  10 dream sheep
  6 slime creatures
  6 snapping turtles
  15 blink frogs
  A jumping spider (shapeshifter) (D:15)
  2 ynoxinuls (Lair:5)
  8 water elementals
  2 spriggans (Lair:5)
  A vampire (D:11)
  39 yaks
  2 shadows (D:11)
  The ghost of GiantSquids the Covered, an amateur AtFi (D:4)
  9 wyverns
  Grum (D:11)
  4 humans (D:11)
  8 basilisks
  2 chaos spawn (Lair:5)
  A steam dragon (Lair:2)
  14 vampire mosquitoes
  5 wargs
  13 water moccasins
  A swamp drake (D:10)
  37 orc warriors
  2 sky beasts
  2 black bears (D:6)
  A hornet zombie (D:15)
  2 ogres
  14 wolves
  4 boggarts (D:15)
  23 centaurs
  A phantom (Sewer)
  4 kobold brigands
  7 small abominations (Lair:5)
  9 bullfrogs
  A scorpion (D:5)
  12 wights
  38 killer bees
  2 electric eels
  9 howler monkeys
  A crimson imp (D:10)
  A gnoll bouda (D:8)
  4 hounds
  4 jellies
  Crazy Yiuf (D:2)
  16 orc priests
  An iron imp (D:10)
  A boggart zombie (D:15)
  5 iguanas
  27 orc wizards
  A boggart simulacrum (D:15)
  7 gnolls
  9 adders
  2 river rats (Lair:2)
  3 shadow imps
  3 white imps
  9 ufetubi
  2 worms (D:2)
  3 dart slugs
  115 orcs
  11 ball pythons
  6 bats
  2 bat zombies (Sewer)
  11 endoplasms
  10 giant cockroaches
  11 goblins
  7 hobgoblins
  3 jackals (D:3)
  5 quokkas
  4 frilled lizards
  30 kobolds
  4 rats
783 creatures vanquished.

Vanquished Creatures (others)
  A river rat (Lair:2)
  24 fungi
  41 plants
66 creatures vanquished.

Grand Total: 849 creatures vanquished

Notes
Turn   | Place    | Note
-------+----------+-------------------------------------------
     0 | D:1      | greasedhog the Merfolk Fighter began the quest for the Orb.
     0 | D:1      | Reached XP level 1. HP: 18/18 MP: 1/1
   194 | D:1      | Reached skill level 1 in Dodging
   194 | D:1      | Reached XP level 2. HP: 18/24 MP: 2/2
   619 | D:2      | Reached XP level 3. HP: 25/30 MP: 3/3
   704 | D:2      | Reached skill level 2 in Dodging
   872 | D:2      | Found a runed translucent door.
   873 | D:2      | Noticed Crazy Yiuf
  1093 | D:2      | Reached XP level 4. HP: 37/37 MP: 4/4
  1328 | D:2      | Killed Crazy Yiuf
  1329 | D:2      | Reached skill level 3 in Dodging
  1372 | D:3      | Found a burning altar of Makhleb.
  1402 | D:3      | Reached XP level 5. HP: 43/43 MP: 5/5
  1426 | D:3      | Found a sparkling altar of Nemelex Xobeh.
  1726 | D:3      | Found a shimmering blue altar of Sif Muna.
  1930 | D:4      | Found a glowing drain.
  1975 | Sewer    | Entered a sewer
  2098 | Sewer    | Found an ancient bone altar of Kikubaaqudgha.
  2224 | Sewer    | Reached skill level 4 in Dodging
  2230 | Sewer    | Reached XP level 6. HP: 24/49 MP: 6/6
  2329 | Sewer    | Reached skill level 5 in Fighting
  2392 | Sewer    | Noticed Grinder
  2405 | Sewer    | Paralysed by Grinder for 3 turns
  2415 | Sewer    | Killed Grinder
  2416 | Sewer    | Reached skill level 5 in Long Blades
  2416 | Sewer    | Reached skill level 5 in Dodging
  2416 | Sewer    | Reached XP level 7. HP: 33/56 MP: 7/7
  2979 | D:4      | Found Imyng's Tremendous Tomes.
  3121 | D:4      | Found a runed translucent gate.
  3121 | D:4      | Found a runed translucent gate.
  3121 | D:4      | Found a runed translucent gate.
  3122 | D:4      | Noticed GiantSquids's ghost (amateur AtFi)
  3167 | D:4      | Killed GiantSquids's ghost
  3168 | D:4      | Reached skill level 6 in Dodging
  3178 | D:4      | Reached XP level 8. HP: 27/60 MP: 8/8
  3324 | D:5      | Entered Level 5 of the Dungeon
  3456 | D:5      | Reached skill level 7 in Dodging
  4379 | D:6      | Reached skill level 8 in Dodging
  4454 | D:6      | Reached XP level 9. HP: 68/68 MP: 9/9
  4477 | D:6      | Found an ancient bone altar of Kikubaaqudgha.
  5031 | D:7      | Found a staircase to the Ecumenical Temple.
  5048 | D:7      | Reached skill level 5 in Armour
  5048 | D:7      | Reached skill level 9 in Dodging
  5086 | Temple   | Entered the Ecumenical Temple
  5198 | Temple   | Became a worshipper of Warmaster Okawaru
  5652 | D:7      | Found a flagged portal.
  5681 | Bailey   | Entered a bailey
  5859 | Bailey   | Noticed an orc knight
  5859 | Bailey   | Noticed an orc knight
  6038 | Bailey   | Identified the +1 plate armour of the Amoeba {rCorr}
  6039 | Bailey   | Killed an orc knight
  6039 | Bailey   | Reached * piety under Okawaru
  6040 | Bailey   | Reached skill level 10 in Dodging
  6040 | Bailey   | Reached XP level 10. HP: 36/74 MP: 10/10
  6074 | Bailey   | Reached skill level 10 in Long Blades
  6281 | Bailey   | Killed an orc knight
  6282 | Bailey   | Reached skill level 1 in Invocations
  6711 | Bailey   | Got the Quarto of Nocuous Glaciation
  6926 | D:7      | Found a white marble altar of Elyvilon.
  7351 | D:8      | Reached skill level 11 in Dodging
  7351 | D:8      | Reached skill level 5 in Shields
  7363 | D:8      | Reached ** piety under Okawaru
  7864 | D:8      | Reached *** piety under Okawaru
  8137 | D:8      | Reached XP level 11. HP: 71/79 MP: 13/13
  8163 | D:8      | Noticed a shining eye
  8164 | D:8      | Gained mutation: You sometimes lose your temper in combat.
                  | [a shining eye]
  8166 | D:8      | Gained mutation: You are vulnerable to cold. (rC-) [a
                  | shining eye]
  8167 | D:8      | Reached skill level 12 in Dodging
  8171 | D:8      | Killed a shining eye
  8404 | D:8      | Reached **** piety under Okawaru
  9316 | D:9      | Found Wuys's General Store.
  9320 | D:9      | Bought a scroll of fear for 60 gold pieces
  9320 | D:9      | Bought a scroll of identify for 30 gold pieces
  9320 | D:9      | Bought a potion of heal wounds for 75 gold pieces
  9367 | D:9      | Found Ifeewum's Weapon Boutique.
  9415 | D:9      | Found a stormy altar of Qazlal.
  9446 | D:9      | Found Itraczije's General Store.
  9451 | D:9      | Bought a +2 leather armour of poison resistance for 272
                  | gold pieces
  9906 | D:10     | Entered Level 10 of the Dungeon
 10078 | D:10     | Noticed a deep elf zephyrmancer
 10080 | D:10     | Noticed a deep elf zephyrmancer
 10092 | D:10     | Killed a deep elf zephyrmancer
 10105 | D:10     | Killed a deep elf zephyrmancer
 10120 | D:10     | Identified the +0 hat "Cosey" {rF+ Will+ rCorr}
 10264 | D:10     | Found a portal to a secret trove of treasure.
 10272 | D:10     | Found an opulent altar of Gozag.
 10365 | D:10     | Reached ***** piety under Okawaru
 10559 | D:10     | Noticed a two-headed ogre
 10569 | D:10     | Killed a two-headed ogre
 10570 | D:10     | Reached skill level 13 in Dodging
 10769 | D:10     | Noticed a two-headed ogre
 10774 | D:10     | Noticed Maurice
 10986 | D:10     | Identified the +6 quarterstaff of Terror {holy, rN+}
 11014 | D:10     | Killed a two-headed ogre
 11014 | D:10     | Received a gift from Okawaru
 11045 | D:10     | Killed Maurice
 11200 | D:10     | Reached skill level 5 in Invocations
 11357 | D:10     | Found a staircase to the Orcish Mines.
 11377 | D:10     | Received a gift from Okawaru
 11378 | D:10     | Found the +1 robe of Vines {NoPotionHeal Regen++++}
 11617 | D:11     | Noticed a boulder beetle
 11631 | D:11     | Killed a boulder beetle
 11632 | D:11     | Reached XP level 12. HP: 86/86 MP: 15/15
 11682 | D:11     | Noticed Psyche
 11692 | D:11     | Killed Psyche
 12175 | D:11     | Identified the +0 robe "Rohiatz" {rF++ rC- Str+6}
 12242 | D:11     | Found a staircase to the Lair.
 12378 | D:11     | Noticed Grum
 12394 | D:11     | Reached skill level 14 in Dodging
 12399 | D:11     | Killed Grum
 12496 | D:11     | Found Wibbo's Distillery.
 12873 | Lair:1   | Entered Level 1 of the Lair of Beasts
 13173 | Lair:1   | You fall into a shaft and drop 1 floor!
 14063 | Lair:2   | Found a staircase to the Shoals.
 14391 | Lair:2   | Received a gift from Okawaru
 14719 | Lair:2   | Reached skill level 15 in Dodging
 15014 | Lair:2   | Reached XP level 13. HP: 96/96 MP: 16/16
 15444 | Lair:3   | Reached skill level 10 in Shields
 16489 | Lair:3   | Found a staircase to the Snake Pit.
 16977 | Lair:4   | Found a runed translucent gate.
 16977 | Lair:4   | Found a runed translucent gate.
 16977 | Lair:4   | Found a runed translucent gate.
 16979 | Lair:4   | Noticed chippings's ghost (journeyman MfGl)
 17564 | Lair:4   | Received a gift from Okawaru
 17565 | Lair:4   | Reached skill level 16 in Dodging
 17651 | Lair:4   | Identified the +5 short sword of Valour {drain, Contam
                  | rPois Str+8 SInv}
 17830 | Lair:4   | Identified the +6 great sword of the Crypt {vorpal, Drain
                  | rF+ rN+} (Okawaru gifted it to you on level 4 of the Lair
                  | of Beasts)
 17830 | Lair:4   | Received a gift from Okawaru
 18236 | Lair:5   | Entered Level 5 of the Lair of Beasts
 19453 | Lair:5   | Received a gift from Okawaru
 19514 | Lair:5   | Reached skill level 10 in Fighting
 19949 | Lair:5   | Reached XP level 14. HP: 22/110 MP: 20/20
 20459 | Lair:5   | Reached skill level 17 in Dodging
 21041 | Lair:5   | Found a corrupted altar of Lugonu.
 21041 | Lair:5   | Found a one-way gate to the infinite horrors of the Abyss.
 21371 | Orc:1    | Entered Level 1 of the Orcish Mines
 21523 | Orc:2    | Entered Level 2 of the Orcish Mines
 21535 | Orc:2    | Noticed Rupert
 21683 | Orc:2    | Killed Rupert
 21683 | Orc:2    | Reached ****** piety under Okawaru
 22443 | Orc:1    | Found Onanlym's Book Emporium.
 22794 | Orc:2    | Found a staircase to the Elven Halls.
 23659 | Orc:2    | Found Arin's Armour Shop.
 23659 | Orc:2    | Found Alocs's Book Shoppe.
 23659 | Orc:2    | Found Icide's Antique Weapon Emporium.
 23662 | Orc:2    | Found Tyczu's Weapon Boutique.
 23666 | Orc:2    | Bought the +4 Cigotuvi's embrace {rMiasma Drain rN+} for
                  | 358 gold pieces
 23666 | Orc:2    | Found the +4 Cigotuvi's embrace {rMiasma Drain rN+}
 23666 | Orc:2    | Bought +1 ice dragon scales for 871 gold pieces
 23685 | Orc:2    | Bought a +1 long sword of flaming for 186 gold pieces
 23697 | Orc:2    | Reached skill level 10 in Invocations
 23832 | D:10     | You paid a toll of +3 ice dragon scales to enter a treasure
                  | trove
 23833 | Trove    | Entered a treasure trove
 23845 | Trove    | Identified the +6 double sword "Emetol" {flame, rElec rF++
                  | rCorr Str-4}
 23847 | Trove    | Identified the +8 battleaxe "Hilaliv" {spect, rC- Will++
                  | Str+6}
 23855 | Trove    | Identified the +7 war axe of Qiuzuss {flame, rC+ Str+2}
 23882 | Trove    | Identified the +11 great sword of Chagrin {protect, rN+
                  | Dex+7}
 23883 | Trove    | Identified the +9 sling of the Valley {venom, rN+ SInv}
 23896 | Trove    | Identified the +7 dagger "Impslayer" {vorpal, Fragile rN+
                  | Int+5 Stlth+}
 24122 | D:12     | Noticed Kirke
 24125 | D:12     | Reached skill level 18 in Dodging
 24139 | D:11     | Killed Kirke
 24212 | D:11     | Identified the +2 helmet of Ciarrug {-Tele Harm Str+2
                  | Int+6} (Okawaru gifted it to you on level 11 of the
                  | Dungeon)
 24212 | D:11     | Received a gift from Okawaru
 24576 | D:12     | Noticed Nergalle
 24593 | D:12     | Killed Nergalle
 25220 | D:13     | Reached XP level 15. HP: 122/122 MP: 22/22
 25463 | D:13     | Found a gate to the Vaults.
 25648 | D:14     | Reached skill level 15 in Long Blades
 25814 | D:14     | Reached skill level 19 in Dodging
 26635 | D:14     | Received a gift from Okawaru
 26912 | D:15     | Entered Level 15 of the Dungeon
 27407 | D:15     | Found a staircase to the Depths.
 27882 | Shoals:1 | Entered Level 1 of the Shoals
 28390 | Shoals:1 | Noticed a fenstrider witch
 28392 | Shoals:1 | Killed a fenstrider witch
 29215 | Shoals:2 | Reached skill level 20 in Dodging
 29227 | Shoals:2 | Received a gift from Okawaru
 29368 | Shoals:2 | Reached XP level 16. HP: 90/133 MP: 23/23
 29395 | Shoals:2 | Noticed Jorgrun
 29416 | Shoals:2 | Constricted to death by Jorgrun

Illustrated notes

Levels and vault maps discovered:
D:1:      amcnicky_arrival_abandoned_market, layout_rooms, skrybe_limestone_x
D:2:      layout_loops_ring, uniq_crazy_yiuf_cottage
D:3:      layout_rooms, lemuel_crystal_altar, mainiacjoe_overflow_catwalk,
          mainiacjoe_overflow_tiny_flanked, glass_columns_a
D:4:      layout_rooms, gup_sewer_entry_glass, gammafunk_ghost_nasty_kobolds,
          minmay_misc_feat_five, nicolae_shop_i_like_big_books
D:5:      layout_basic
D:6:      nicolae_cairo_tiling, layout_basic, lemuel_round_altar
D:7:      layout_loops_corners, mainiacjoe_overflow_six_doors_small,
          minmay_temple_entry_water_ring, enter_bailey_2
D:8:      layout_basic, grunt_potential
D:9:      layout_basic, general_overflow_altar, serial_shops,
          nicolae_shop_hallway_plus, nicolae_shop_hallway_stairs,
          nicolae_shop_behind_doors
D:10:     layout_loops_ring, grunt_gozag_breadcrumbs, david_orc_5,
          enter_trove_0, hangedman_minor_magic, uniq_maurice
D:11:     layout_irregular_city, erik_lair_orcish_takeover, serial_shops,
          nicolae_shop_advertising_works [nicolae_subvault_shop_adworks],
          uniq_grum, uniq_psyche
D:12:     layout_gridville, uniq_nergalle, uniq_kirke
D:13:     layout_long_grid, david_vaults_4
D:14:     layout_basic, minivault_24
D:15:     grunt_enter_depths_magical_seal, layout_basic, serial_park_paths
          [serial_park_minivault_5x5_2]
Temple:   nicolae_temple_no_exploring_needed
Lair:1:   layout_cave_shapes, st_stairs_10, serial_bayou_crossing
Lair:2:   regret_index_wax_grids, layout_cave_pods, shoals_dummy_entry,
          serial_bayou_pond_a, nicolae_quartered_pool_little,
          beast_lair_carwin_5
Lair:3:   beast_lair_carwin_large_2, layout_gridlike,
          guppyfry_snake_entry_garden, small_statue_intersection
Lair:4:   layout_roguey, dpeg_slime_entry_corner, ebering_ghost_rock_garden
Lair:5:   hellmonk_lair_end_abyssal_woods, layout_loops_ring
Shoals:1: layout_shoals, nicolae_shoals_beach_house_on_fowls_legs
Shoals:2: layout_shoals, lemuel_oklob_altar, uniq_jorgrun
Orc:1:    layout_caves, serial_shops, shop_statue
Orc:2:    st_orc_rangers, layout_diamond_mine, basic_altar, uniq_rupert

Skill      XL: |  1  2  3  4  5  6  7  8  9 10 11 12 13 14 15 |
---------------+----------------------------------------------+-----
Dodging        | 1 2 3 4 5 6 8 10 11 13 15 16 18 20 | 20.2
Long Blades    | 3 4 5 6 8 9 11 12 14 16 | 16.5
Fighting       | 4 5 7 10 12 14 | 14.2
Armour         | 3 4 5 |  5.4
Shields        | 4 6 8 9 10 | 10.0
Invocations    | 3 5 8 10 | 10.0

Action                   |  1- 3 |  4- 6 |  7- 9 | 10-12 | 13-15 | 16-18 || total
-------------------------+-------+-------+-------+-------+-------+-------++-------
Melee: Long sword        |   108 |   190 |   452 |  1156 |   405 |       ||  2311
       Tailslap          |       |     4 |    10 |    12 |    31 |     2 ||    59
       Short sword       |       |       |       |       |   974 |       ||   974
       Double sword      |       |       |       |       |   571 |    40 ||   611
       Demon blade       |       |       |       |       |       |     2 ||     2
Invok: Heroism           |       |       |       |     1 |     3 |       ||     4
       Finesse           |       |       |       |       |     2 |       ||     2
Evoke: Wand              |       |       |     2 |     9 |     3 |       ||    14
  Use: Potion            |       |     1 |     2 |     4 |     4 |     1 ||    12
       Scroll            |       |     5 |     5 |     5 |    17 |       ||    32
 Stab: Sleeping          |       |       |       |     3 |     3 |       ||     6
       Distracted        |       |       |       |     1 |       |       ||     1
       Invisible         |       |       |       |       |     4 |       ||     4
Armor: Scale mail        |    48 |    91 |   142 |    59 |       |       ||   340
       Leather armour    |       |       |       |   133 |   280 |     7 ||   420
Dodge: Dodged            |    40 |   111 |   209 |   697 |  1202 |    27 ||  2286
Block: Buckler           |    54 |   153 |   206 |   605 |  1192 |    33 ||  2243
       Reflection        |     1 |     2 |     2 |    10 |    77 |     1 ||    93

Table legend: (Time is in decaauts)
 A = Elapsed time spent in this place.
 B = Non-inter-level travel time spent in this place.
 C = Inter-level travel time spent in this place.
 D = Time resting spent in this place.
 E = Time spent auto-exploring this place.
 F = Levels seen in this place.
 G = Mean time per level.
                   A        B        C        D        E       F      G
               +--------+--------+--------+--------+--------+-----+--------+
         Total |  28906 |  27817 |   1089 |   7007 |  15114 |  28 | 1032.4 |
       Dungeon |  15152 |  14483 |    669 |   2105 |   9510 |  15 | 1010.1 |
        Temple |    119 |    119 |      0 |      0 |    105 |   1 |  119.0 |
          Lair |   8074 |   7737 |    337 |   2619 |   3697 |   5 | 1614.8 |
        Shoals |   1384 |   1359 |     25 |    488 |    627 |   2 |  692.0 |
  Orcish Mines |   2316 |   2259 |     57 |   1066 |    637 |   2 | 1158.0 |
         Trove |    113 |    113 |      0 |      0 |     35 |   1 |  113.0 |
         Sewer |    738 |    738 |      0 |    199 |    309 |   1 |  738.0 |
        Bailey |   1007 |   1007 |      0 |    527 |    192 |   1 | 1007.0 |
               +--------+--------+--------+--------+--------+-----+--------+

Top non-repeatable levels by time:
  Lair:5: 2852 daAuts
  Lair:2: 2047 daAuts
    D:10: 1933 daAuts
    D:11: 1762 daAuts
     D:8: 1721 daAuts
     D:7: 1387 daAuts
   Orc:1: 1368 daAuts
  Lair:3: 1284 daAuts
    D:14: 1272 daAuts
Shoals:1: 1181 daAuts
  Lair:4: 1056 daAuts
  Bailey: 1007 daAuts
     D:5: 996 daAuts
   Orc:2: 948 daAuts
    D:13: 915 daAuts
